 Dungeon Crawl Stone Soup version 0.31.0-12-g77e489cdc1 (webtiles) character file.

Game seed: 8277877067148568729

7324 James the Skirmisher (level 10, 0/56 HPs)
             Began as a Deep Elf Hunter on Feb 13, 2024.
             Was an Elder of Okawaru.
             Succumbed to a hornet's poison
             ... while paralysed by a hornet
             ... on level 10 of the Dungeon.
             The game lasted 00:37:51 (10133 turns).

James the Skirmisher (Deep Elf Hunter)             Turns: 10133, Time: 00:37:51

Health: 0/56       AC:  9    Str: 14    XL:     10   Next: 90%
Magic:  1/15       EV:  2    Int: 15    God:    Okawaru [****..]
Gold:   672        SH:  0    Dex: 22    Spells: 9/9 levels left

rFire   . . .        b - +1 short sword (elec)
rCold   . . .        (no shield)
rNeg    . . .        M - +0 steam dragon scales
rPois   .            j - +0 helmet
rElec   .            x - +0 cloak
rCorr   +            u - +0 pair of gloves
SInv    .            (no boots)
Will    +....        N - amulet of guardian spirit
Stlth   ++++         h - +6 ring of strength
HPRegen 0.29/turn    m - ring of resist corrosion
MPRegen 0.14/turn

%: guardian spirit
@: paralysed, lethally poisoned (0 -> -19), slowed
A: no striking features
a: Renounce Religion, Heroism, Finesse


You were on level 10 of the Dungeon.
You worshipped Okawaru.
Okawaru was greatly pleased with you.
You visited 2 branches of the dungeon, and saw 11 of its levels.
You also visited: Sewer.

You collected 672 gold pieces.

Inventory:

Hand Weapons
 a - a +1 shortbow of freezing
   (You took it off a centaur on level 7 of the Dungeon)
 b - a +1 short sword of electrocution (weapon)
   (You took it off an orc priest on level 4 of the Dungeon)
 o - a +4 dagger
   (You took it off a kobold on level 8 of the Dungeon)
 q - a +0 orcbow
   (You took it off a centaur on level 7 of the Dungeon)
 v - a +1 war axe of holy wrath
   (You found it on level 2 of the Dungeon)
 A - a +0 dagger
   (You found it on level 1 of the Dungeon)
 B - a +0 rapier
   (You took it off a centaur on level 7 of the Dungeon)
 J - a +5 flail of draining
   (You took it off an orc on level 8 of the Dungeon)
 L - a +0 bardiche
   (You found it on level 6 of the Dungeon)
 O - a +1 shortbow
 Z - a +0 scimitar
   (You took it off a wight on level 6 of the Dungeon)
Missiles
 k - 7 atropa-tipped darts
 p - 22 poisoned darts
 F - 2 curare-tipped darts (quivered) {!f}
Armour
 f - the +2 leather armour "Asauph" {rCorr Str+3}
   (You found it on level 7 of the Dungeon)

   Str+3:     It affects your strength (+3).
   rCorr:     It protects you from acid and corrosion.
 g - a +0 chain mail
   (You found it on level 1 of the Dungeon)
 i - a +0 leather armour
   (You found it on level 1 of the Dungeon)
 j - a +0 helmet (worn)
   (You found it on level 6 of the Dungeon)
 u - a +0 pair of gloves (worn)
   (You found it on level 2 of the Dungeon)
 x - a +0 cloak (worn)
   (You found it on level 3 of the Dungeon)
 y - a +4 scale mail
   (You took it off Terence on level 3 of the Dungeon)
 H - a +0 troll leather armour {Pargi}
   (You found it in a sewer)
 I - a +1 ring mail of willpower
   (You found it on level 4 of the Dungeon)
 M - +0 steam dragon scales (worn)
   (You found it on level 8 of the Dungeon)
 S - a +0 chain mail
   (You took it off Edmund on level 5 of the Dungeon)
 U - a +0 robe
   (You took it off a wight on level 5 of the Dungeon)
 V - a +0 leather armour
   (You took it off an orc on level 4 of the Dungeon)
 Y - a +0 ring mail
   (You took it off a wight on level 6 of the Dungeon)
Jewellery
 c - a ring of flight
   (You found it on level 7 of the Dungeon)
 e - a +6 ring of strength
   (You found it on level 8 of the Dungeon)
 h - a +6 ring of strength (left hand)
   (You found it on level 1 of the Dungeon)
 m - a ring of resist corrosion (right hand)
   (You found it on level 1 of the Dungeon)
 N - an amulet of guardian spirit (around neck)
   (You found it on level 5 of the Dungeon)
 W - a ring of wizardry
   (You found it on level 6 of the Dungeon)
Wands
 t - a wand of flame (5)
   (You found it on level 9 of the Dungeon)
 E - a wand of light (4)
   (You found it in a sewer)
 X - a wand of charming (16)
   (You found it on level 6 of the Dungeon)
Scrolls
 d - a scroll of butterflies
 l - a scroll of vulnerability {!r}
 z - a scroll of enchant weapon
 C - 3 scrolls of immolation {!r}
 G - a scroll of fog
 K - 8 scrolls of poison {!r}
 P - 4 scrolls of identify {@r1}
 R - 3 scrolls of teleportation {@r4}
 T - 3 scrolls of fear
Potions
 n - 3 potions of curing {@q1}
 r - a potion of might
 s - 2 potions of haste {@q3}
 w - 2 potions of enlightenment
 D - a potion of cancellation
 Q - a potion of heal wounds {@q2}


   Skills:
 - Level 4.0 Fighting
 - Level 14.0 Ranged Weapons
 - Level 4.0 Armour
 + Level 11.8 Dodging
 - Level 6.0 Stealth
 - Level 5.0 Invocations


You had 9 spell levels left.
You didn't know any spells.
Your spell library contained the following spells:

 Spells                   Type           Power      Damage    Failure   Level
 Conjure Ball Lightning   Conj/Air       0%         3x3d6     100%        6
 Discord                  Hex            0%         N/A       100%        8
 Disjunction              Tloc           0%         N/A       100%        8
 Malign Gateway           Summ/Tloc      Unusable   N/A       N/A         7
 Summon Horrible Things   Summ           Unusable   N/A       N/A         8

Dungeon Overview and Level Annotations

Branches:
Dungeon (10/15)            Temple (1/1) D:6            Lair (0/5) D:9
  Sewer (visited)
    Orc: D:9-12

Altars:
Ashenzari
Cheibriados
Dithmenos
Elyvilon
Fedhas
Gozag
Hepliaklqana
Kikubaaqudgha
Makhleb
Nemelex Xobeh
Okawaru
Qazlal
Ru
Sif Muna
Trog
Vehumet
Wu Jian
Xom
Yredelemnul
Zin
The Shining One

Shops:
D:7 *=

Annotations:
D:8 1 exclusion
D:9 1 runed translucent door, Inglan's ghost, novice MiFi


Message History

The hornet completely misses you. The hornet closely misses you.
You shoot an arrow.
The arrow hits the hornet but does no damage.
You feel sick. The hornet barely misses you.
Your +1 shortbow of freezing stops glowing.
You hear the crackle of electricity.
b - a +1 short sword of electrocution (weapon)
The hornet completely misses you.
You completely miss the hornet.
You feel sick. The hornet barely misses you.
You hit the hornet.
You feel sick. The hornet completely misses you.
The hornet stings you but does no damage.
You hit the hornet.
You feel sick. The hornet stings you!
You feel yourself slow down.
You hit the hornet.
You feel sick. The hornet stings you.
You are more poisoned.
You feel as though you will be slow longer.
The hornet stings you but does no damage.
The hornet stings you!
* * * LOW HITPOINT WARNING * * *
You feel as though you will be slow longer.
Unknown command.
You hit the hornet.
You feel very sick.
The hornet stings you but does no damage.
The hornet barely misses you.
You hit the hornet but do no damage.
You feel very sick.
The hornet stings you but does no damage.
The hornet stings you!
* * * LOW HITPOINT WARNING * * *
You feel as though you will be slow longer.
You feel better.
The hornet stings you but does no damage.
The hornet barely misses you. The hornet stings you.
* * * LOW HITPOINT WARNING * * *
You feel as though you will be slow longer.
You hit the hornet but do no damage. The hornet misses you.
The hornet closely misses you.
You hit the hornet. The hornet completely misses you.
The hornet closely misses you.
You hit the hornet but do no damage. The hornet stings you.
* * * LOW HITPOINT WARNING * * *
You are poisoned.
You suddenly lose the ability to move!
The hornet barely misses you.
You feel sick. The hornet stings you.
* * * LOW HITPOINT WARNING * * *
You are more poisoned.
You feel as though you will be slow longer.
The hornet stings you but does no damage.
You die...

### ..# #.##
#..
#.###.##.#
#....@y..#
....#.######
# #


You could see a hornet.

Vanquished Creatures
  A two-headed ogre (D:8)
  Pikel (D:5)
  A hornet (D:8)
  A shadow (D:8)
  3 wyverns (D:9)
  4 yaks
  A wraith (D:9)
  2 basilisks (D:9)
  2 steam dragons
  Edmund (D:5)
  An acid dragon (D:9)
  3 water moccasins (D:9)
  An orc warrior (D:9)
  2 ice beasts (D:8)
  Pargi (Sewer)
  3 sky beasts
  A black bear (D:3)
  4 ogres
  4 centaurs
  A lemure (D:5)
  2 phantoms
  A brain worm (Sewer)
  3 kobold brigands
  3 scorpions
  3 bullfrogs
  3 wights
  10 killer bees
  A howler monkey (D:5)
  4 electric eels
  2 bombardier beetles
  5 hounds
  2 jellies
  2 orc priests
  2 gnoll boudas
  Terence (D:3)
  5 orc wizards
  7 gnolls
  5 adders
  A shadow imp (D:7)
  A white imp (D:7)
  2 dart slugs
  28 orcs
  6 ball pythons
  5 bats
  An endoplasm (D:4)
  3 giant cockroaches
  5 goblins
  5 hobgoblins
  3 jackals (D:1)
  15 kobolds
  6 quokkas
  3 frilled lizards
  4 rats
187 creatures vanquished.

Vanquished Creatures (collateral kills)
  A goblin (D:4)
1 creature vanquished.

Vanquished Creatures (others)
  An orc (D:7)
  A kobold (D:9)
2 creatures vanquished.

Grand Total: 190 creatures vanquished

Notes
Turn   | Place    | Note
-------+----------+-------------------------------------------
     0 | D:1      | James the Deep Elf Hunter began the quest for the Orb.
     0 | D:1      | Reached XP level 1. HP: 12/12 MP: 3/3
   244 | D:1      | Reached XP level 2. HP: 16/16 MP: 4/4
   250 | D:1      | Reached skill level 6 in Ranged Weapons
   902 | D:2      | Reached XP level 3. HP: 20/20 MP: 5/5
  1075 | D:2      | Found a faded altar of an unknown god.
  1099 | D:2      | Reached skill level 7 in Ranged Weapons
  1324 | D:3      | Reached XP level 4. HP: 25/25 MP: 6/6
  1328 | D:3      | Found a basalt altar of Yredelemnul.
  1424 | D:3      | Noticed Terence
  1433 | D:3      | Killed Terence
  1434 | D:3      | Reached skill level 8 in Ranged Weapons
  1477 | D:3      | Noticed a black bear
  1760 | D:3      | Killed a black bear
  1761 | D:3      | Reached skill level 9 in Ranged Weapons
  1761 | D:3      | Reached XP level 5. HP: 29/29 MP: 7/7
  2055 | D:4      | Noticed a phantom
  2065 | D:4      | Killed a phantom
  2066 | D:4      | Reached XP level 6. HP: 35/35 MP: 8/8
  2274 | D:4      | Found a glowing drain.
  2296 | Sewer    | Entered a sewer
  2492 | Sewer    | Reached skill level 10 in Ranged Weapons
  2492 | Sewer    | Reached XP level 7. HP: 40/40 MP: 9/9
  2543 | Sewer    | Noticed Pargi
  2576 | Sewer    | Killed Pargi
  2876 | D:5      | Entered Level 5 of the Dungeon
  3195 | D:5      | Reached skill level 11 in Ranged Weapons
  3255 | D:5      | Noticed Edmund
  3281 | D:5      | Killed Edmund
  3282 | D:5      | Reached XP level 8. HP: 7/44 MP: 1/10
  3324 | D:5      | Reached skill level 12 in Ranged Weapons
  3550 | D:5      | Reached skill level 13 in Ranged Weapons
  4033 | D:6      | Noticed Pikel
  4056 | D:5      | Killed Pikel
  4057 | D:5      | Reached skill level 14 in Ranged Weapons
  4057 | D:5      | Reached skill level 5 in Dodging
  4251 | D:6      | Found a bloodstained altar of Trog.
  4348 | D:6      | Reached skill level 1 in Armour
  4348 | D:6      | Reached XP level 9. HP: 48/48 MP: 11/11
  4645 | D:6      | Found a staircase to the Ecumenical Temple.
  4656 | Temple   | Entered the Ecumenical Temple
  4670 | Temple   | Became a worshipper of Warmaster Okawaru
  5021 | D:7      | Identified the +2 leather armour "Asauph" {rCorr Str+3}
  5299 | D:7      | Reached * piety under Okawaru
  5598 | D:7      | Found Unleed's Jewellery Boutique.
  5682 | D:7      | Found Ea-nāṣir's Fine Metal Goods.
  6038 | D:7      | Found Unleed's Jewellery Boutique.
  6363 | D:7      | Found Ea-nāṣir's Fine Metal Goods.
  6656 | D:8      | Found a shimmering altar of Xom.
  6657 | D:8      | Found a basalt altar of Yredelemnul.
  6699 | D:8      | Reached skill level 10 in Dodging
  6912 | D:8      | Reached ** piety under Okawaru
  7155 | D:8      | Noticed a two-headed ogre
  7508 | D:8      | Killed a two-headed ogre
  7509 | D:8      | Reached skill level 5 in Stealth
  7509 | D:8      | Reached XP level 10. HP: 42/56 MP: 8/13
  7672 | D:8      | Paralysed by a hornet for 1 turns
  7682 | D:8      | Reached *** piety under Okawaru
  8011 | D:8      | Found a basalt altar of Yredelemnul.
  8013 | D:8      | Found a shimmering altar of Xom.
  9446 | D:9      | Found a runed translucent door.
  9492 | D:9      | Found a staircase to the Lair.
  9503 | D:9      | Reached skill level 5 in Invocations
  9687 | D:9      | Noticed Inglan's ghost (novice MiFi)
  9793 | D:9      | Reached **** piety under Okawaru
 10114 | D:10     | Entered Level 10 of the Dungeon
 10131 | D:10     | Paralysed by a hornet for 3 turns
 10133 | D:10     | Succumbed to a hornet's poison

Illustrated notes

Levels and vault maps discovered:
D:1:      elethiomel_arrival_quiet, layout_loops_ring, feat_on_display
D:2:      layout_rooms, hellmonk_ecumenical_altar_inner_sanctum
D:3:      wad_woods_stonehenge, layout_basic, minmay_fountain_box, uniq_terence
D:4:      layout_basic, cheibrodos_sewer_entry_sluice
D:5:      layout_basic, uniq_edmund
D:6:      layout_loops_corners, trog_three_pillars_becter,
          minmay_temple_entry_wispy, uniq_pikel
D:7:      layout_cave_pools, kb_lookout_dungeons_type,
          nicolae_ea-nasir_strikes_again, nicolae_take_the_stairs, minmay_bent
D:8:      minmay_clustersquares, layout_basic, mainiacjoe_overflow_divided_tiny,
          serial_bayou_lagoon_a, minivault_22, nicolae_lava_and_water,
          due_unseen_surprise
D:9:      layout_loops_cross, minmay_lair_entry_grove, serial_bayou,
          serial_bayou_crossing, serial_bayou_shore_a, serial_bayou_shore_b,
          serial_bayou_ford_a, hellmonk_ghost_big_iron,
          serial_library_regret_index_small_wings, minivault_24
D:10:     minmay_smoke_and_mirrors, layout_loops_ring, kennysheep_little_box,
          gammafunk_ghost_wrathful_warriors, serial_glass, glass_columns_a,
          glass_columns_b
Temple:   compressed_dpeg_circular_temple

Skill      XL: |  1  2  3  4  5  6  7  8  9 10 |
---------------+-------------------------------+-----
Ranged Weapons | 6 7 9 10 11 14 | 14.0
Stealth        | 3 4 5 6 |  6.0
Dodging        | 3 4 6 10 11 | 11.8
Fighting       | 2 3 4 |  4.0
Armour         | 1 3 4 |  4.0
Invocations    | 2 5 |  5.0

Action                     |  1- 3 |  4- 6 |  7- 9 | 10-12 || total
---------------------------+-------+-------+-------+-------++-------
  Melee: Dagger            |    11 |       |       |       ||    11
         Short sword       |       |       |    27 |    22 ||    49
   Fire: Shortbow          |    78 |    99 |   446 |   243 ||   866
  Throw: Dart              |       |       |     1 |       ||     1
 Invoke: Heroism           |       |       |       |     1 ||     1
  Evoke: Wand              |       |       |     1 |       ||     1
    Use: Scroll            |       |     9 |     8 |     1 ||    18
         Potion            |       |       |       |     4 ||     4
 Armour: Leather armour    |    18 |    12 |     7 |       ||    37
         Troll leather arm |       |       |    86 |    14 ||   100
         Steam dragon scal |       |       |       |    67 ||    67
  Dodge: Dodged            |    24 |    20 |   121 |   133 ||   298
